AoeStats
← old f1sh

Arena

509563992Analyzed
1v1 RM · 4d ago on Sep 27, 2026· 45m 42s· 2 players
Game mode
Random Map
Map size
Tiny (2 player)
Population
200
Speed
Normal
Resources
Standard
Victory
Conquest
Starting age
Dark Age
Ending age
Imperial Age
RankedLock teamsTeams togetherTeam positionsShared explorationLock speedFull tech treeHidden civsTurbo modeCheats
Victory
Defeat
🇨🇳 Jurchens · China
1648
+12
🇷🇺 Saxons · Russia
1562
-12
old f1sh
10:52 Feudal Age
11:31 Double-Bit Axe
14:28 Castle Age
12:18 Double-Bit Axe
13:02 Horse Collar
15:39 Bow Saw
20:38 Light Cavalry
23:59 Wheelbarrow
23:34 Gold Mining
23:53 Heavy Plow
24:42 Town Watch
25:43 Gold Shaft Mining
25:00 Stone Mining
25:46 Gold Shaft Mining
25:36 Loom
26:55 Hand Cart
30:06 Imperial Age
29:26 Siege Engineers
29:32 Masonry
29:54 Padded Archer Armor
31:57 Chemistry
30:36 Heavy Rocket Cart
34:27 Leather Archer Armor
35:12 Conscription
36:13 Architecture
36:03 Ballistics
36:56 Bloodlines
36:46 Husbandry
37:40 Hussar
38:31 Scale Barding Armor
39:41 Devotion
40:11 Chain Barding Armor
39:51 Scale Mail Armor
42:05 Plate Barding Armor
41:43 Forging
42:19 Fortified Bastions
44:38 Iron Casting
44:35 Guard Tower
46:21 Hoardings
47:03 Blast Furnace
[RUS-F]vov_chesn
9:31 Feudal Age
11:45 Double-Bit Axe
14:12 Castle Age
12:36 Horse Collar
18:20 Sanctity
23:01 Bow Saw
25:01 Wheelbarrow
24:31 Heavy Plow
26:54 Hand Cart
27:33 Redemption
27:37 Fletching
27:48 Padded Archer Armor
31:38 Imperial Age
29:18 Loom
29:52 Scale Mail Armor
30:03 Forging
29:53 Pikeman
30:33 Squires
30:36 Town Watch
30:47 Gold Mining
31:26 Chain Mail Armor
32:13 Iron Casting
31:57 Thumb Ring
31:50 Bodkin Arrow
31:18 Crossbowman
31:54 Bodkin Arrow
33:31 Chemistry
33:52 Bracer
35:19 Ballistics
34:49 Arbalester
41:14 Chain Mail Armor
42:34 Crop Rotation
42:46 Illumination
43:26 Plate Mail Armor
45:20 Siege Engineers
44:47 Halberdier
Connection lost

Rejoining the realm…

Still unreachable

The connection could not be restored.

Session expired

The server has moved on; the page needs a fresh start.